 Dungeon Crawl Stone Soup version 0.22-a0-542-gce4f928 (webtiles) character file.

149629 Amnesiac the Warrior (level 17, -13/184 HPs)
             Began as an Ogre Wizard on June 24, 2018.
             Was a High Priest of Sif Muna.
             Hit by a large rock thrown by a stone giant (30 damage)
             ... on level 1 of the Depths.
             The game lasted 01:22:59 (32260 turns).

Amnesiac the Warrior (Ogre Wizard)                 Turns: 32260, Time: 01:23:00

Health: -13/184    AC: 14    Str: 19    XL:     17   Next: 51%
Magic:  18/49      EV: 13    Int: 34    God:    Sif Muna [*****.]
Gold:   1486       SH: 19    Dex:  7    Spells: 3/42 levels left

rFire    . . .     SeeInvis +   a - staff of power
rCold    + . .     Gourm    .   q - +2 shield {AC+3}
rNeg     . . .     Faith    .   W - +2 robe of the Sun {Str+4 Int+6 Slay+2}
rPois    .         Spirit   .   Y - +3 crown of Dyrovepreva {rElec Int+2 SInv}
rElec    +         Reflect  +   m - +2 cloak {MR+}
rCorr    .         Harm     .   (gloves unavailable)
MR       ++...                  (boots unavailable)
Stlth    +.........             o - +6 amulet of reflection
HPRegen  0.40/turn              B - +2 ring of intelligence
MPRegen  0.31/turn              w - ring of protection from cold

@: divine energy
A: large, unfitting armour, tough skin 1
a: Stop Divine Energy, Channel Magic, Forget Spell, Renounce Religion


You were on level 1 of the Depths.
You worshipped Sif Muna.
Sif Muna was extremely pleased with you.
You were very hungry.

You visited 5 branches of the dungeon, and saw 22 of its levels.
You also visited: Ice Cave.

You collected 2794 gold pieces.
You spent 1308 gold pieces at shops.

Inventory:

Hand Weapons
 E - the +4 spear of Yredelemnul's Wrath {pierce, MR+ Int+5}
   (You took it off a boggart on level 12 of the Dungeon)

   It inflicts extra damage upon your enemies.
   It affects your intelligence (+5).
   It affects your resistance to hostile enchantments.
 M - the +4 arc blade {discharge, rElec}
   (You took it off an orc warrior on level 9 of the Dungeon)

   It insulates you from electricity.
Armour
 m - a +2 cloak of magic resistance (worn)
 q - a +2 shield of protection (worn)
 W - the +2 robe of the Sun (worn) {Str+4 Int+6 Slay+2}
   (You bought it in a shop on level 13 of the Dungeon)

   It affects your strength (+4).
   It affects your intelligence (+6).
   It affects your accuracy and damage with ranged weapons and melee attacks
   (+2).
 Y - the +3 crown of Dyrovepreva (worn) {rElec Int+2 SInv}
   (You bought it in a shop on level 13 of the Dungeon)

   It affects your intelligence (+2).
   It insulates you from electricity.
   It lets you see invisible.
Magical Staves
 a - an uncursed staff of power (weapon)
 b - an uncursed staff of fire
Jewellery
 o - a +6 amulet of reflection (around neck)
 w - a ring of protection from cold (right hand)
 y - the macabre finger necklace {rN+}
   (You took it off a deep elf demonologist on level 3 of the Elven Halls)

   [amulet of nothing]

   It protects you from negative energy.
 B - a +2 ring of intelligence (left hand)
 G - an uncursed ring of protection from cold
 J - an uncursed ring of resist corrosion
 O - an uncursed ring of poison resistance
 V - an uncursed ring of ice
Wands
 Q - a wand of digging (10)
 S - a wand of acid (11)
Scrolls
 c - 2 scrolls of teleportation {!r}
 e - 2 scrolls of vulnerability {!r}
 g - 9 scrolls of remove curse {!r}
 k - a scroll of enchant armour {!r}
 l - 3 scrolls of fog {!r}
 n - 5 scrolls of identify {!r}
 x - 6 scrolls of magic mapping {!r}
Potions
 f - a potion of heal wounds {!q}
 h - 5 potions of brilliance {!q}
 i - 4 potions of curing {!q}
 p - 8 potions of lignification {!q}
 r - 2 potions of mutation {!q}
 s - 2 potions of resistance {!q}
 t - 5 potions of might {!q}
 u - 6 potions of cancellation {!q}
 A - 2 potions of invisibility {!q}
 C - a potion of ambrosia {!q}
 D - a potion of agility {!q}
 I - 5 potions of haste {!q}
 L - 5 potions of magic {!q}
Miscellaneous
 P - a phial of floods
 R - a lamp of fire
Comestibles
 d - 18 rations


   Skills:
 - Level 15.1 Fighting
 + Level 10.6 Dodging
 - Level 1.4 Stealth
 - Level 10.0 Shields
 - Level 13.0 Spellcasting
 - Level 13.1 Conjurations
 - Level 0.8 Summonings
 - Level 0.8 Translocations
 - Level 13.0 Fire Magic
 - Level 8.5 Invocations


You had 3 spell levels left.
You knew the following spells:

 Your Spells              Type           Power        Failure   Level  Hunger
a - Bolt of Fire          Conj/Fire      #######...   1%          6    ###....
b - Spectral Weapon       Hex/Chrm       ###.....     6%          3    None
c - Call Imp              Summ           ####....     1%          2    None
d - Orb of Destruction    Conj           #######...   8%          7    #####..
e - Mephitic Cloud        Conj/Pois/Air  ######..     1%          3    None
f - Irradiate             Conj/Tmut      ######....   3%          5    None
g - Fireball              Conj/Fire      #######...   1%          5    None
r - Regeneration          Chrm/Necr      ###.......   6%          3    None
s - Conjure Flame         Conj/Fire      #######.     1%          3    None
v - Blink                 Tloc           N/A          1%          2    None

Your spell library contained the following spells:

 Spells                   Type           Power        Failure   Level  Hunger
 Magic Dart               Conj           ####         0%          1    None
 Apportation              Tloc           ####..       1%          1    None
 Lightning Bolt           Conj/Air       ######....   3%          5    None
 Bolt of Magma            Conj/Fire/Erth ######....   1%          5    None
 Slow                     Hex            ###.....     3%          2    None
 Confuse                  Hex            ###.....     6%          3    None
 Venom Bolt               Conj/Pois      ######....   3%          5    None
 Lehudib's Crystal Spear  Conj/Erth      ######....   100%        8    ######.
 Fire Storm               Conj/Fire      #######...   100%        9    #######
 Summon Ice Beast         Ice/Summ       ####....     16%         4    None
 Iron Shot                Conj/Erth      ######....   21%         6    ###....
 Shock                    Conj/Air       ####         1%          1    None
 Swiftness                Chrm/Air       ###.....     3%          2    None
 Statue Form              Tmut/Erth      ###......    96%         6    ###....
 Dragon Form              Tmut           ###.......   100%        7    #####..
 Necromutation            Tmut/Necr      ###.......   100%        8    ######.
 Airstrike                Air            ###.......   19%         4    None
 Confusing Touch          Hex            ###...       1%          1    None
 Metabolic Englaciation   Hex/Ice        ###.......   47%         5    None
 Shatter                  Erth           ###.......   100%        9    #######
 Static Discharge         Conj/Air       ######..     1%          3    None
 Petrify                  Tmut/Erth      ###.....     19%         4    None
 Malign Gateway           Summ/Tloc      ####......   100%        7    #####..
 Tornado                  Air            ###.......   100%        9    #######
 Shroud of Golubria       Chrm/Tloc      ####......   2%          2    None
 Iskenderun's Battlesphe  Conj/Chrm      ######..     3%          5    None
 Fulminant Prism          Conj/Hex       ######....   1%          4    None
 Force Lance              Conj/Tloc      ######..     1%          4    None
 Infusion                 Chrm           ###.         1%          1    None
 Song of Slaying          Chrm           ###.....     3%          2    None
 Searing Ray              Conj           ######       0%          2    None
 Spellforged Servitor     Conj/Summ      ######....   67%         7    #####..
 Hydra Form               Tmut           ###.......   96%         6    ###....
 Gell's Gravitas          Tloc           ####......   4%          3    None
 Yara's Violent Unravell  Hex/Tmut       ###.......   47%         5    None
 Ignition                 Fire           #######...   52%         8    ######.


Dungeon Overview and Level Annotations

Branches:
Dungeon (15/15)            Temple (1/1) D:7            Lair (0/6) D:8
    Orc (2/2) D:11            Elf (3/3) Orc:2        Vaults (0/5) D:14
 Depths (1/5) D:15

Altars:
Ashenzari
Cheibriados
Dithmenos
Elyvilon
Fedhas
Gozag
Hepliaklqana
Kikubaaqudgha
Makhleb
Nemelex Xobeh
Okawaru
Qazlal
Ru
Sif Muna
Trog
Uskayaw
Vehumet
Wu Jian
Xom
Yredelemnul
Zin
The Shining One
Beogh

Shops:
D:9 (   D:12 [=   D:13 [*?[   D:14 ?   Orc:2 (?[:   Elf:1 *   Elf:3 ?

Portals:
Hell: Depths:1
Ziggurat: Depths:1
Trove: D:12 (give 2 scrolls of acquirement)


Innate Abilities, Weirdness & Mutations

You are too large for most types of armour.
You have tough skin. (AC +1)


Message History

The brown very ugly thing is heavily wounded.
Casting: Orb of Destruction (slightly dangerous; 8% risk of failure)
Confirm with . or Enter, or press ? or * to list all spells.
Aiming: Orb of Destruction (slightly dangerous; 8% risk of failure)
Press: ? - help, Shift-Dir - straight line, f/p - salamander
Aim: a salamander, wielding a trident A tengu warrior comes into view.
It is wielding a great sword.
The orb of destruction hits the brown very ugly thing.
You blow up the brown very ugly thing!
Sif Muna accepts your kill.
Casting: Orb of Destruction (slightly dangerous; 8% risk of failure)
Confirm with . or Enter, or press ? or * to list all spells.
Aiming: Orb of Destruction (slightly dangerous; 8% risk of failure)
Press: ? - help, Shift-Dir - straight line, f/p - salamander
Aim: a salamander, wielding a trident (magical condensation)
The tengu warrior shouts!
You are feeling very hungry.
Casting: Orb of Destruction (slightly dangerous; 8% risk of failure)
Confirm with . or Enter, or press ? or * to list all spells.
Aiming: Orb of Destruction (slightly dangerous; 8% risk of failure)
Press: ? - help, Shift-Dir - straight line, f/p - salamander
Aim: a salamander, wielding a trident (magical condensation)
You block the salamander's attack.
The orb of destruction hits the salamander.
The salamander is severely wounded.
A tengu conjurer comes into view.
You block the tengu warrior's attack. x2
The tengu warrior claws you but does no damage.
Found a ration.
Found a gateway to Hell.
The tengu conjurer shouts!
A salamander comes into view.
The salamander wields a glowing shortbow.
It bursts into flame!
The salamander shoots an arrow.
You reflect the arrow off an invisible shield around you!
The arrow closely misses the salamander.
Found an arrow.
The tengu conjurer gestures wildly while chanting.
The tengu conjurer blinks!
You block the tengu warrior's attack. x3
The centaur warrior shoots an arrow.
You reflect the arrow off an invisible shield around you!
The arrow hits the centaur warrior!
A white very ugly thing opens the door.
Really read
c - 3 scrolls of teleportation {!r}?
As you read the scroll of teleportation {!r}, it crumbles to dust.
You feel strangely unstable.
The centaur warrior shoots an arrow.
You reflect the arrow off an invisible shield around you!
The arrow hits the centaur warrior!
The white very ugly thing engulfs you!!
* * * LOW HITPOINT WARNING * * *
The white very ugly thing freezes you!! You resist.
* * * LOW HITPOINT WARNING * * *
The centaur warrior shoots an arrow.
The arrow hits you!
* * * LOW HITPOINT WARNING * * *
You see here an arrow.
Okay, then.
Casting: Orb of Destruction (slightly dangerous; 8% risk of failure)
Confirm with . or Enter, or press ? or * to list all spells.
You blink.
A centaur warrior comes into view.
The centaur warrior shouts!
An ettin comes into view. It is wielding two dire flails.
The ettin shouts in stereo!
Your surroundings suddenly seem different.
The stone giant throws a large rock.
The large rock hits you!!
You die...

# ## ## ## .## .## ##
.≈ #. ).## #N##.###...
##. ...## ##...#....%
#..#....#
###.........##....?..#
##N.................##
N#.≈..##........@....#
.W.≈.## .∩..≈.......#
§≈.≈..#
..W≈≈....§§....
.≈≈≈..#
...§§...§§....#
.≈≈≈§.#
...§≈..§§§§.###
.≈≈≈.... .. ...... ...
§§≈≈.....C ....... ...
.≈≈....(cC......... ..
.≈≈......>


You could see a stone giant and a flayed ghost.

Vanquished Creatures
  Jorgrun (Elf:2)
  2 deep elf blademasters (Elf:3)
  2 deep elf master archers (Elf:3)
  3 deep elf sorcerers (Elf:3)
  Louise (Elf:3)
  2 deep elf elementalists (Elf:3)
  7 very ugly things
  A stone giant (D:15)
  Nessos (D:14)
  6 deep elf demonologists (Elf:3)
  7 deep elf annihilators (Elf:3)
  A white draconian (IceCv)
  A dire elephant (D:15)
  7 deep elf death magi
  4 hydras
  Harold (D:11)
  A catoblepas (D:14)
  8 two-headed ogres
  25 dancing weapons
  3 centaur warriors
  A death yak (IceCv)
  Urug (D:14)
  The ghost of Amnesiac the Summoner, a journeyman SpSu of Okawaru (D:12)
  3 spriggans (D:12)
  11 deep elf knights
  3 unseen horrors (D:15)
  14 deep elf archers
  A wizard (D:14)
  2 orc knights
  2 orc sorcerers
  12 ugly things
  2 manticores
  2 cyclopes
  45 deep elf magi
  A salamander (D:15)
  4 centaur zombies
  Psyche (D:11)
  2 gargoyles
  An ice statue (IceCv)
  A kobold demonologist (D:15)
  A tengu conjurer (D:15)
  A freezing wraith (D:15)
  A harpy zombie (D:15)
  9 trolls
  A meliai (shapeshifter) (Elf:3)
  Grinder (D:3)
  2 hornets
  10 polar bears (IceCv)
  A harpy skeleton (D:15)
  2 hippogriffs
  5 slime creatures
  2 shadows (D:12)
  A wyvern (D:13)
  2 air elementals
  39 yaks
  4 water elementals
  A wraith (D:14)
  A hog (shapeshifter) (D:15)
  16 humans
  A hungry ghost (D:10)
  3 wargs
  The ghost of Goblin1989 the Firebug, an amateur OpFE (D:3)
  2 soldier ants (D:10)
  Duvessa (D:6)
  42 orc warriors
  A necrophage (D:5)
  3 phantoms
  9 sky beasts
  2 black bears
  3 ice beasts
  An eye of draining (D:8)
  11 ogres
  13 wolves
  A boggart (D:12)
  17 centaurs
  A crocodile (D:13)
  A big kobold (D:12)
  7 bullfrogs
  2 earth elementals (Elf:1)
  A gnoll sergeant (D:8)
  A wyvern zombie (D:14)
  Dowan (D:6)
  A wyvern skeleton (D:14)
  5 scorpions
  6 killer bees
  16 wights
  2 howler monkeys
  4 electric eels (D:15)
  7 crimson imps
  A quasit (D:10)
  2 bullfrog zombies
  3 jellies
  4 hounds
  14 orc priests
  20 orc wizards
  2 bullfrog skeletons
  6 iguanas
  Jessica (D:2)
  2 centaur skeletons
  Natasha (D:2)
  5 worker ants
  A statue (D:9)
  A howler monkey zombie (D:7)
  A howler monkey skeleton (D:6)
  8 gnolls
  8 adders
  7 shadow imps
  12 white imps (D:12)
  An ooze (D:1)
  3 adder skeletons
  An adder zombie (D:5)
  2 worms
  4 dart slugs
  3 leopard geckos
  64 orcs
  12 bats
  6 giant cockroaches
  12 goblins
  14 hobgoblins
  15 jackals
  3 quokkas
  A ball python (D:6)
  2 frilled lizards
  12 kobolds
  A quokka zombie (D:5)
  7 rats
  5 crawling corpses (Elf:3)
  2 fungi (Elf:3)
729 creatures vanquished.

Vanquished Creatures (collateral kills)
  Crazy Yiuf (D:2)
1 creature vanquished.

Vanquished Creatures (others)
  A deep elf elementalist (Elf:3)
  A deep elf archer (Elf:2)
  A centaur zombie (D:12)
  A polar bear (IceCv)
  A fire elemental (Elf:3)
  A killer bee (D:8)
  11 fulminant prisms
  2 fungi (D:12)
  5 plants (D:12)
24 creatures vanquished.

Grand Total: 754 creatures vanquished

Notes
Turn   | Place    | Note
-------+----------+-------------------------------------------
     0 | D:1      | Amnesiac the Ogre Wizard began the quest for the Orb.
     0 | D:1      | Reached XP level 1. HP: 16/16 MP: 5/5
   127 | D:1      | Reached skill level 1 in Conjurations
   127 | D:1      | Reached XP level 2. HP: 24/24 MP: 0/6
   145 | D:1      | Learned a level 2 spell: Call Imp
   619 | D:1      | Reached skill level 1 in Fighting
   807 | D:1      | Reached XP level 3. HP: 33/33 MP: 2/8
   812 | D:1      | Learned a level 3 spell: Conjure Flame
   816 | D:1      | Learned a level 3 spell: Mephitic Cloud
  1406 | D:2      | Noticed Jessica
  1462 | D:2      | Killed Jessica
  1462 | D:2      | Reached XP level 4. HP: 42/42 MP: 6/10
  1903 | D:2      | Found a runed door.
  1950 | D:2      | Noticed Natasha
  1954 | D:2      | Killed Natasha
  1954 | D:2      | Reached skill level 2 in Fighting
  2134 | D:2      | Reached XP level 5. HP: 45/49 MP: 0/11
  2413 | D:2      | Noticed Crazy Yiuf
  2422 | D:2      | Killed Crazy Yiuf
  2701 | D:3      | Reached skill level 3 in Fighting
  2813 | D:3      | Learned a level 2 spell: Blink
  2841 | D:3      | Noticed Grinder
  2854 | D:3      | Killed Grinder
  2854 | D:3      | Reached skill level 4 in Fighting
  2854 | D:3      | Reached XP level 6. HP: 62/62 MP: 8/12
  3015 | D:3      | Found an opulent altar of Gozag.
  3018 | D:3      | Reached XP level 7. HP: 70/70 MP: 10/13
  3034 | D:3      | Found a snail-covered altar of Cheibriados.
  3037 | D:3      | Found a blossoming altar of Fedhas.
  3039 | D:3      | Found a hazy altar of Hepliaklqana.
  3040 | D:3      | Found an iron altar of Okawaru.
  3042 | D:3      | Found a shimmering altar of Xom.
  3670 | D:4      | Reached skill level 5 in Fighting
  3670 | D:4      | Reached skill level 5 in Dodging
  3875 | D:4      | Found a runed door.
  3914 | D:4      | Found a deep blue altar of Sif Muna.
  4062 | D:4      | Noticed Goblin1989's ghost (amateur OpFE)
  4092 | D:4      | Became a worshipper of Sif Muna the Loreminder
  4417 | D:3      | Killed Goblin1989's ghost
  4417 | D:3      | Reached XP level 8. HP: 68/80 MP: 7/14
  4579 | D:5      | Entered Level 5 of the Dungeon
  4612 | D:5      | Reached skill level 5 in Conjurations
  5112 | D:5      | Reached skill level 5 in Spellcasting
  5144 | D:5      | Found a shattered altar of Ashenzari.
  5163 | D:5      | Found a white marble altar of Elyvilon.
  5166 | D:5      | Found an ornate altar of the Wu Jian Council.
  5221 | D:5      | Reached * piety under Sif Muna
  5696 | D:6      | Noticed Duvessa
  5722 | D:6      | Killed Duvessa
  5770 | D:6      | Noticed Dowan
  5776 | D:6      | Killed Dowan
  5776 | D:6      | Reached XP level 9. HP: 85/88 MP: 15/18
  5873 | D:6      | Reached ** piety under Sif Muna
  7588 | D:6      | Paralysed by fainting for 11 turns
  7611 | D:6      | Paralysed by fainting for 11 turns
  7627 | D:6      | Paralysed by fainting for 11 turns
  7641 | D:7      | Paralysed by fainting for 10 turns
  7656 | D:7      | Paralysed by fainting for 9 turns
  8120 | D:7      | Reached XP level 10. HP: 86/96 MP: 20/22
  8309 | D:7      | Found a staircase to the Ecumenical Temple.
  8435 | Temple   | Entered the Ecumenical Temple
  8562 | D:8      | Reached *** piety under Sif Muna
  9534 | D:8      | Got a sapphire dagger
  9556 | D:8      | Reached skill level 10 in Conjurations
  9908 | D:8      | Found a staircase to the Lair.
 10140 | D:8      | Identified the +9 dagger "Zetuv" {flame, Int+3} (You found it on level 8 of the Dungeon)
 10513 | D:9      | Found Paff's Weapon Boutique.
 10676 | D:9      | Noticed a two-headed ogre
 10690 | D:9      | Killed a two-headed ogre
 10702 | D:9      | Reached **** piety under Sif Muna
 10727 | D:9      | Found a radiant altar of Vehumet.
 10863 | D:9      | Found a hide-covered altar of Uskayaw.
 10991 | D:9      | Found a glowing golden altar of the Shining One.
 11281 | D:10     | Entered Level 10 of the Dungeon
 11328 | D:10     | Noticed a gargoyle
 11367 | D:10     | Killed a gargoyle
 11367 | D:10     | Reached XP level 11. HP: 45/104 MP: 24/24
 11605 | D:10     | Reached skill level 10 in Spellcasting
 12280 | D:10     | Found a shadowy altar of Dithmenos.
 12705 | D:11     | Noticed Harold
 12731 | D:11     | Killed Harold
 12731 | D:11     | Reached ***** piety under Sif Muna
 12732 | D:11     | Identified Sif Muna's Guide on Arcane Weapons (Sif Muna gifted it to you on level 11 of the Dungeon)
 12732 | D:11     | Received a gift from Sif Muna
 12797 | D:11     | Learned a level 3 spell: Spectral Weapon
 13165 | D:11     | Learned a level 6 spell: Bolt of Fire
 13177 | D:11     | Found a staircase to the Orcish Mines.
 13250 | D:11     | Reached skill level 1 in Fire Magic
 13341 | D:11     | Noticed a two-headed ogre
 13343 | D:11     | Killed a two-headed ogre
 13415 | D:11     | Noticed Psyche
 13416 | D:11     | Killed Psyche
 13702 | D:12     | Noticed a two-headed ogre
 13830 | D:12     | Noticed a two-headed ogre
 13844 | D:12     | Killed a two-headed ogre
 13844 | D:12     | Reached skill level 5 in Fire Magic
 13844 | D:12     | Reached XP level 12. HP: 41/111 MP: 0/27
 13874 | D:12     | Found Ifonill's Jewellery Shoppe.
 13902 | D:12     | Found a portal to a secret trove of treasure.
 13994 | D:12     | Killed a two-headed ogre
 13994 | D:12     | Identified Voqozy Nekk's Tome of Evil Conjuration (Sif Muna gifted it to you on level 12 of the Dungeon)
 13994 | D:12     | Received a gift from Sif Muna
 14046 | D:12     | Found a frozen archway.
 14320 | IceCv    | Entered an ice cave
 15719 | IceCv    | Received a gift from Sif Muna
 15719 | IceCv    | Reached skill level 10 in Fire Magic
 15731 | IceCv    | Learned a level 5 spell: Irradiate
 15946 | IceCv    | Noticed a white draconian
 15946 | IceCv    | Noticed a death yak
 15964 | IceCv    | Killed a white draconian
 15976 | IceCv    | Killed a death yak
 15976 | IceCv    | Reached XP level 13. HP: 60/118 MP: 0/28
 16225 | D:12     | Found Mixoisol's Antique Armour Shop.
 16230 | D:12     | Bought a thick robe for 165 gold pieces
 16240 | D:12     | Identified the +2 robe of Shadows and Fog {Regen+ Dex+3} (You bought it in a shop on level 12 of the Dungeon)
 16521 | D:12     | Found a runed door.
 16528 | D:12     | Noticed Amnesiac's ghost (journeyman SpSu)
 16568 | D:12     | Killed Amnesiac's ghost
 16590 | D:12     | Got a crude morningstar {crush}
 16593 | D:12     | Got a twisted spear {pierce}
 16594 | D:12     | Identified the +4 spear of Yredelemnul's Wrath {pierce, MR+ Int+5} (You took it off a boggart on level 12 of the Dungeon)
 16595 | D:12     | Identified the +9 morningstar of Ykeg {crush, rN+ Str+4} (You took it off a spriggan on level 12 of the Dungeon)
 16749 | D:13     | Identified a paperback manual
 16792 | D:13     | Found Keari's Assorted Antiques.
 16801 | D:13     | Bought a clear potion for 25 gold pieces
 16801 | D:13     | Bought a bone ring for 140 gold pieces
 17077 | D:13     | Found Toluaq's Antique Armour Shoppe.
 17083 | D:13     | Bought a runed robe for 92 gold pieces
 17093 | D:13     | Bought a runed robe for 92 gold pieces
 17114 | D:13     | Bought an opalescent robe for 142 gold pieces
 17124 | D:13     | Identified the +2 robe of the Sun {Str+4 Int+6 Slay+2} (You bought it in a shop on level 13 of the Dungeon)
 17312 | D:13     | Learned a level 3 spell: Regeneration
 17326 | D:13     | Found Soyxag's Armour Emporium.
 17522 | D:13     | Found Topla's Magic Scroll Boutique.
 17897 | Orc:1    | Entered Level 1 of the Orcish Mines
 17915 | D:11     | Reached skill level 5 in Invocations
 18446 | Orc:1    | Found a roughly hewn altar of Beogh.
 18615 | Orc:2    | Entered Level 2 of the Orcish Mines
 18615 | Orc:2    | Found a staircase to the Elven Halls.
 20127 | Orc:2    | Found Yshri Leu's Magic Scroll Emporium.
 20127 | Orc:2    | Found Jufoung's Armour Shop.
 20129 | Orc:2    | Found Figad's Book Boutique.
 20131 | Orc:2    | Found Oxkohes's Antique Weapon Shoppe.
 20613 | D:13     | Bought the +3 crown of Dyrovepreva {rElec Int+2 SInv} for 414 gold pieces
 20613 | D:13     | Found the +3 crown of Dyrovepreva {rElec Int+2 SInv}
 20631 | D:14     | Found a gate to the Vaults.
 20631 | D:14     | Noticed Nessos
 20633 | D:14     | Killed Nessos
 20633 | D:14     | Reached skill level 6 in Fighting
 20656 | D:13     | Reached XP level 14. HP: 104/131 MP: 3/29
 21098 | D:14     | Reached skill level 7 in Fighting
 21125 | D:14     | Received a gift from Sif Muna
 21441 | D:14     | Reached skill level 8 in Fighting
 21810 | D:14     | Found a sacrificial altar of Ru.
 21872 | D:14     | Noticed Urug
 21880 | D:14     | Killed Urug
 22233 | D:14     | Found Kitof's Magic Scroll Emporium.
 22454 | D:15     | Entered Level 15 of the Dungeon
 22535 | D:15     | Reached skill level 9 in Fighting
 22894 | D:15     | Found a bloodstained altar of Trog.
 22918 | D:15     | Noticed a dire elephant
 22973 | D:15     | Killed a dire elephant
 23125 | D:15     | Found a staircase to the Depths.
 24012 | Orc:2    | Bought a +0 shield of protection for 172 gold pieces
 24079 | Elf:1    | Entered Level 1 of the Elven Halls
 24307 | Elf:1    | Reached XP level 15. HP: 146/146 MP: 17/30
 24491 | Elf:1    | Learned a level 5 spell: Fireball
 24793 | Elf:1    | Identified Ramuituk's Compendium of Conjuration (Sif Muna gifted it to you on level 1 of the Elven Halls)
 24793 | Elf:1    | Received a gift from Sif Muna
 24945 | Elf:1    | Reached skill level 1 in Shields
 25110 | Elf:1    | Found Yshri Leu's Assorted Antiques.
 25113 | Elf:1    | Bought a scroll labeled IMI PAKION for 22 gold pieces
 25168 | Elf:1    | Bought an amulet of reflection for 44 gold pieces
 25595 | Elf:2    | Reached skill level 5 in Shields
 25818 | Elf:2    | Learned a level 4 spell: Fulminant Prism
 26065 | Elf:2    | Found a runed gate.
 26065 | Elf:2    | Found a runed gate.
 26065 | Elf:2    | Found a runed gate.
 26619 | Elf:2    | Noticed Jorgrun
 26636 | Elf:2    | Killed Jorgrun
 26636 | Elf:2    | Reached XP level 16. HP: 64/156 MP: 2/31
 27737 | Elf:3    | Entered Level 3 of the Elven Halls
 28091 | Elf:3    | Found Pesoraah's Magic Scroll Boutique.
 28149 | Elf:3    | Identified Sif Muna's Volume of Destructive Calling (Sif Muna gifted it to you on level 3 of the Elven Halls)
 28149 | Elf:3    | Received a gift from Sif Muna
 28391 | Elf:3    | Reached skill level 10 in Fighting
 29073 | Elf:3    | Noticed a deep elf master archer
 29073 | Elf:3    | Noticed a deep elf blademaster
 29075 | Elf:3    | Reached skill level 11 in Fighting
 29086 | Elf:3    | Killed a deep elf blademaster
 29088 | Elf:3    | Killed a deep elf master archer
 29475 | Elf:3    | Noticed an Executioner
 29476 | Elf:3    | Noticed an Ice Fiend
 29478 | Elf:3    | Reached skill level 12 in Fighting
 29478 | Elf:3    | Noticed a Brimstone Fiend
 29480 | Elf:3    | Noticed an Executioner
 29768 | Elf:3    | Got a twisted robe
 29769 | Elf:3    | Noticed Louise
 29784 | Elf:3    | Reached skill level 10 in Shields
 29784 | Elf:3    | Reached skill level 13 in Fighting
 29992 | Elf:3    | Got a scorched scimitar {drain}
 30005 | Elf:3    | Reached XP level 17. HP: 178/178 MP: 17/34
 30049 | Elf:3    | Noticed a deep elf blademaster
 30055 | Elf:3    | Killed a deep elf blademaster
 30058 | Elf:3    | Noticed a deep elf master archer
 30070 | Elf:3    | Noticed a Hell Sentinel
 30083 | Elf:3    | Reached skill level 14 in Fighting
 30089 | Elf:3    | Noticed a Brimstone Fiend
 30307 | Elf:3    | Killed a deep elf master archer
 30484 | Elf:3    | Killed Louise
 30484 | Elf:3    | Reached skill level 15 in Fighting
 30667 | Elf:3    | Got an ichor-stained longbow
 30690 | Elf:3    | Identified the +1 robe of Vucw {MR+} (You took it off a deep elf demonologist on level 3 of the Elven Halls)
 30706 | Elf:3    | Identified the cursed +1 scimitar "Sogg" {drain, *Rage rPois rC++} (You took it off a deep elf demonologist on level 3 of the Elven Halls)
 30714 | Elf:3    | Identified the +7 longbow of Hatred {venom, Int+4} (You found it on level 3 of the Elven Halls)
 30727 | Elf:3    | Got a polished hand crossbow
 30731 | Elf:3    | Identified the Volume of Displacement
 30900 | Elf:3    | Identified the +7 hand crossbow "Janlela" {penet, rC+ Dex+4} (You found it on level 3 of the Elven Halls)
 31022 | Elf:1    | Learned a level 7 spell: Orb of Destruction
 31177 | Depths:1 | Entered Level 1 of the Depths
 31412 | D:15     | HP: 3/184 [red ugly thing (17)]
 31413 | D:15     | Reached skill level 10 in Dodging
 32217 | Depths:1 | Found a gateway to a ziggurat.
 32249 | Depths:1 | Found a gateway to Hell.
 32260 | Depths:1 | Hit by a large rock thrown by a stone giant

Vault maps used:
D:1:      lightli_arrival_isolated_outpost, kennysheep_decorative_pillar,
          hangedman_feature_mirror
D:2:      kennysheep_generic_room_3, uniq_natasha, uniq_crazy_yiuf_cottage,
          uniq_jessica
D:3:      minitemple, grunt_decor_cap, uniq_grinder
D:4:      cheibrodos_greedy_goblins, kennysheep_mini, first_ration,
          ebering_ghost_inner_flame
D:5:      minmay_overflow_temple_star_quad, corexii_hall_statues_l,
          grunt_decor_arrowhead
D:6:      st_stairs_7, minivault_22, grunt_tough_drop, uniq_duvessa
D:7:      minmay_temple_entry_mist
D:8:      lair_entry_dummy
D:9:      vehumet_statue, kennysheep_mini_moat, basic_altar, serial_shops,
          nicolae_shop_crystal
D:10:     hangedman_pestilent_swarm, minmay_misc_feat_x,
          nicolae_dithmenos_through_a_glass_darkly
D:11:     orc_0_dummy, serial_curves, eino_curves_01, eino_curves_02,
          hangedman_decor_push, hex_large, uniq_harold, uniq_psyche
D:12:     serial_shops, shop_fountains, shop, enter_trove_2,
          ebering_ghost_funeral_grove, portal_ice_cave_entry_imps
D:13:     serial_shops, nicolae_shop_temple_entry_statues_fountains, shop,
          nicolae_shop_competitors_out_of_business,
          nicolae_shop_overgrown_old_shop
D:14:     david_vaults_3, serial_shops, nicolae_shop_stone,
          nicolae_ru_sacrificial_ziggurat, roderic_roman_lattice, st_stairs_5,
          kennysheep_small_square, uniq_urug
D:15:     hangedman_depths_entry_try_elsewhere_first, basic_altar,
          interstate_on_off
Temple:   zaba_magenta_temple
Orc:1:    basic_altar
Orc:2:    st_orc_rangers
Elf:1:    serial_shops, nicolae_shop_behind_doors, evilmike_minifort
Elf:2:    uniq_jorgrun
Elf:3:    elf_hall, serial_shops, nicolae_shop_statue_plus, uniq_louise
Depths:1: enter_ziggurat_e, hell_entry, grunt_decor_clamped,
          minmay_misc_feat_enclosed, hex_medium, kennysheep_generic_room_14
IceCv:    ice_cave_caverns_01

Skill      XL: |  1  2  3  4  5  6  7  8  9 10 11 12 13 14 15 16 17 |
---------------+----------------------------------------------------+-----
Conjurations   | 1 2 3 4 6 9 11 12 13 | 13.1
Spellcasting   | 4 6 8 9 11 13 | 13.0
Fighting       | 1 2 4 5 6 9 13 15 | 15.1
Dodging        | 2 4 5 6 9 10 | 10.6
Fire Magic     | 5 10 12 13 | 13.0
Invocations    | 8 |  8.5
Shields        | 9 10 | 10.0
Stealth        | |  1.4
Summonings     | |  0.8
Translocations | |  0.8

Action                   |  1- 3 |  4- 6 |  7- 9 | 10-12 | 13-15 | 16-18 || total
-------------------------+-------+-------+-------+-------+-------+-------++-------
Melee: Unarmed           |    49 |    35 |       |       |       |       ||    84
       Quarterstaff      |       |    29 |       |       |       |       ||    29
       War axe           |       |       |   278 |   141 |       |       ||   419
       Giant spiked club |       |       |     4 |       |       |       ||     4
       Dagger            |       |       |       |    12 |       |       ||    12
       Rapier            |       |       |       |   157 |       |       ||   157
       Staff             |       |       |       |    19 |       |     3 ||    22
       Spear             |       |       |       |       |   102 |    27 ||   129
 Cast: Magic Dart        |    75 |    70 |    23 |   163 |       |       ||   331
       Call Imp          |     1 |     4 |     5 |       |       |     1 ||    11
       Mephitic Cloud    |       |     1 |    13 |    23 |     3 |       ||    40
       Conjure Flame     |       |     1 |     5 |    36 |       |     2 ||    44
       Bolt of Fire      |       |       |       |    85 |   301 |   125 ||   511
       Irradiate         |       |       |       |       |    21 |    13 ||    34
       Fireball          |       |       |       |       |    12 |     7 ||    19
       Fulminant Prism   |       |       |       |       |     7 |     4 ||    11
       Regeneration      |       |       |       |       |       |     2 ||     2
       Orb of Destructio |       |       |       |       |       |    13 ||    13
       Blink             |       |       |       |       |       |     1 ||     1
Invok: Divine Energy     |       |       |     1 |       |       |       ||     1
       Channel Magic     |       |       |       |       |     5 |     3 ||     8
Evoke: Wand              |       |       |       |    10 |       |     4 ||    14
  Use: Scroll            |       |     3 |     9 |     9 |    10 |    11 ||    42
       Potion            |       |       |       |     5 |     3 |     3 ||    11
 Stab: Sleeping          |       |     1 |     3 |     2 |       |       ||     6
       Confused          |       |       |     3 |     6 |       |       ||     9
       Paralysed         |       |       |       |     5 |       |       ||     5
  Eat: Chunk             |     2 |     5 |    10 |    50 |    67 |    11 ||   145
       Ration            |       |       |     2 |     2 |     4 |     5 ||    13
Armor: Robe              |    34 |    25 |    89 |   131 |    73 |    16 ||   368
Dodge: Dodged            |    45 |    49 |   171 |   227 |   104 |    28 ||   624
Block: Other             |       |       |    33 |    80 |       |       ||   113
       Reflection        |       |       |       |     2 |     7 |    15 ||    24
       Shield            |       |       |       |       |    33 |    72 ||   105

Table legend:
 A = Spawn XP
 B = Non-spawn XP
 C = Spawn XP percentage of total XP
 D = Spawn monster count
 E = Non-spawn monster count
 F = Spawn count percentage of total count
 G = Total turns spent on level
                    A         B        C        D         E        F      G
               +---------+---------+-------+---------+---------+-------+---------
         Total |       0 |  213757 |   0.0 |       0 |     729 |   0.0 | 32260
               +---------+---------+-------+---------+---------+-------+---------
           D:1 |       0 |      50 |   0.0 |       0 |      24 |   0.0 |  1436
           D:2 |       0 |     182 |   0.0 |       0 |      25 |   0.0 |  1363
           D:3 |       0 |     790 |   0.0 |       0 |      41 |   0.0 |  1258
           D:4 |       0 |     288 |   0.0 |       0 |      17 |   0.0 |   988
           D:5 |       0 |     517 |   0.0 |       0 |      19 |   0.0 |  1000
           D:6 |       0 |    2387 |   0.0 |       0 |      30 |   0.0 |  1746
           D:7 |       0 |     622 |   0.0 |       0 |      12 |   0.0 |   678
           D:8 |       0 |    2309 |   0.0 |       0 |      41 |   0.0 |  1791
           D:9 |       0 |    1979 |   0.0 |       0 |      20 |   0.0 |   944
          D:10 |       0 |    3322 |   0.0 |       0 |      28 |   0.0 |  1395
          D:11 |       0 |    4780 |   0.0 |       0 |      27 |   0.0 |  1506
          D:12 |       0 |    8065 |   0.0 |       0 |      42 |   0.0 |  1367
          D:13 |       0 |    6489 |   0.0 |       0 |      33 |   0.0 |  1509
          D:14 |       0 |   13697 |   0.0 |       0 |      38 |   0.0 |  1562
          D:15 |       0 |   28557 |   0.0 |       0 |      51 |   0.0 |  2473
         Orc:1 |       0 |    2663 |   0.0 |       0 |      23 |   0.0 |   517
         Orc:2 |       0 |    7303 |   0.0 |       0 |      72 |   0.0 |  1882
         Elf:1 |       0 |   15063 |   0.0 |       0 |      25 |   0.0 |  1384
         Elf:2 |       0 |   40230 |   0.0 |       0 |      53 |   0.0 |  3147
         Elf:3 |       0 |   61207 |   0.0 |       0 |      58 |   0.0 |  2410
      Depths:1 |       0 |    1431 |   0.0 |       0 |       1 |   0.0 |    60
         IceCv |       0 |   11826 |   0.0 |       0 |      49 |   0.0 |  1767
               +---------+---------+-------+---------+---------+-------+---------
